 Dungeon Crawl Stone Soup version 0.28-a0-730-g892d06dc2c (webtiles) character file.

Game seed: 17790373611089885877

105 cheechan the Covert (level 4, -6/31 HPs)
             Began as an Octopode Delver on Oct 28, 2021.
             Shot with an arrow by a centaur (15 damage)
             ... on level 5 of the Dungeon.
             The game lasted 00:01:56 (697 turns).

cheechan the Covert (Octopode Delver)                Turns: 697, Time: 00:01:57

Health: -6/31      AC:  1    Str: 12    XL:     4   Next: 83%
Magic:  4/4        EV: 13    Int: 12    God:
Gold:   15         SH:  0    Dex: 13    Spells: 3/3 levels left

rFire   . . .      SeeInvis .   a - +0 spear
rCold   . . .      Faith    .   (no shield)
rNeg    . . .      Spirit   .   (helmet restricted)
rPois   .          Reflect  .   (no amulet)
rElec   .          Harm     .   (no ring)
rCorr   .          Rampage  .   (no ring)
Will    .....                   (no ring)
Stlth   +++++.....              (no ring)
HPRegen 0.10/turn               (no ring)
MPRegen 0.09/turn               (no ring)
                                (no ring)
                                (no ring)

@: no status effects
A: almost no armour, amphibious, 8 rings, camouflage 1, gelatinous body 1,
(nimble swimmer 1), tentacles
a: no special abilities


You were on level 5 of the Dungeon.
You visited 1 branch of the dungeon, and saw 1 of its levels.

You collected 15 gold pieces.

Inventory:

Hand Weapons
 a - a +0 spear (weapon)
 i - a +0 hunting sling
Missiles
 g - 8 arrows
 j - 21 stones (quivered)
Wands
 f - a wand of digging (3)
 h - a wand of mindburst (9)
Scrolls
 b - a scroll of fog
 c - a scroll of magic mapping
Potions
 d - a potion of heal wounds
 e - a potion of haste


   Skills:
 + Level 3.4 Fighting
 + Level 2.2 Polearms
 + Level 2.2 Dodging
 + Level 8.6 Stealth


You had 3 spell levels left.
You didn't know any spells.
Your spell library contained the following spells:

 Spells                   Type           Power      Damage    Failure   Level
 Blade Hands              Tmut           0%         N/A       100%        5
 Iron Shot                Conj/Erth      0%         9d1       100%        6
 Animate Armour           Summ/Erth      Unusable   N/A       N/A         4

Dungeon Overview and Level Annotations

Branches:
Dungeon (5/15)
 Temple: D:4-7

Altars:


Innate Abilities, Weirdness & Mutations

You cannot wear most types of armour.
You are amphibious.
You can wear up to eight rings at the same time.
Your skin changes colour to match your surroundings (Stealth+).
Your rubbery body absorbs attacks. (AC +1, EV +1)
((You are camouflaged near water. (Stealth+)))
You have tentacles for arms and can constrict up to eight enemies at once.


Message History

The dart slug launches a dart at you. The slug dart misses you.
You hit the dart slug. You grab the dart slug.
The dart slug is lightly wounded.
You constrict the dart slug, but do no damage.
The dart slug launches a dart at you. The slug dart hits you.
You hit the dart slug.
The dart slug is moderately wounded.
You constrict the dart slug. You hit the dart slug.
The dart slug is heavily wounded.
You constrict the dart slug. The dart slug launches a dart at you.
The slug dart hits you.
You hit the dart slug but do no damage.
The dart slug is severely wounded.
You constrict the dart slug. The dart slug bites you.
You hit the dart slug.
You kill the dart slug!
d - a black potion
k - a scroll labelled VOOSOE JOSUC
As you read the scroll labelled VOOSOE JOSUC, it crumbles to dust.
It is a scroll of identify.
d - a potion of heal wounds A jelly comes into view.
The jelly quivers.
Okay, then.
Sorry, you're not good enough to have a special ability.
Okay, then.
Found 13 gold pieces.
Found a book of the Senses.
A centaur comes into view.
The centaur shouts!
The centaur wields a +0 shortbow.
The centaur shoots an arrow.
The arrow hits you.
The centaur shoots an arrow.
The arrow hits you!
* * * LOW HITPOINT WARNING * * *
Found a stone staircase leading down.
The centaur shoots an arrow.
The arrow hits you!
You die...

.........### ..
..$.....#..##.#>
....##..........
#...###J........
#..#............ ..#
................ #..#
................ #....
.###............ ...#
...# #....@....... .#
#..#####.#.:....... ###
#....##............
..####...#........c.....
.....#..................
#.......................
###)....#####...........
##.....#..#.#..........
#...##..#.# ..


You could see a centaur and a jelly.

Vanquished Creatures
  A howler monkey (D:5)
  A hound (D:5)
  A bullfrog skeleton (D:5)
  A dart slug (D:5)
  A goblin (D:5)
  A hobgoblin (D:5)
6 creatures vanquished.

Notes
Turn   | Place    | Note
-------+----------+-------------------------------------------
     0 | D:5      | cheechan the Octopode Delver began the quest for the Orb.
     0 | D:5      | Reached XP level 1. HP: 16/16 MP: 1/1
    14 | D:5      | Reached skill level 7 in Stealth
    14 | D:5      | Reached XP level 2. HP: 8/21 MP: 2/2
    14 | D:5      | Reached XP level 3. HP: 10/26 MP: 3/3
   288 | D:5      | Reached skill level 8 in Stealth
   288 | D:5      | Reached XP level 4. HP: 17/31 MP: 4/4
   694 | D:5      | Noticed a centaur
   697 | D:5      | Shot with an arrow by a centaur

Illustrated notes

Levels and vault maps discovered:
D:5:      layout_layer_cave, corexii_checkpoint_a, kennysheep_donut

Skill      XL: |  1  2  3 |
---------------+----------+-----
Stealth        | 7 8 |  8.6
Fighting       | |  3.4
Polearms       | |  2.2
Dodging        | |  2.2

Action                   |  1- 3 |  4- 6 || total
-------------------------+-------+-------++-------
Melee: Spear             |    14 |    13 ||    27
       Tentacles         |     7 |     2 ||     9
       Constrict         |     3 |     3 ||     6
  Use: Scroll            |       |     2 ||     2
 Stab: Fleeing           |       |     2 ||     2
       Sleeping          |       |     1 ||     1
Armor: Skin              |     2 |       ||     2
Dodge: Dodged            |     7 |     4 ||    11

Table legend: (Time is in decaauts)
 A = Elapsed time spent in this place.
 B = Non-inter-level travel time spent in this place.
 C = Inter-level travel time spent in this place.
 D = Time resting spent in this place.
 E = Time spent auto-exploring this place.
 F = Levels seen in this place.
 G = Mean time per level.
                   A        B        C        D        E       F      G
               +--------+--------+--------+--------+--------+-----+--------+
         Total |    696 |    696 |      0 |    448 |      0 |   1 |  696.0 |
       Dungeon |    696 |    696 |      0 |    448 |      0 |   1 |  696.0 |
               +--------+--------+--------+--------+--------+-----+--------+

Top non-repeatable levels by time:
     D:5: 696 daAuts
